Map: King's Cove LE

Players

SandboX

  • Race: Zerg Zerg
  • League: Gold
  • Spawn Location: 11:00

jano - Winner!

  • Race: Protoss Protoss
  • League: Platinum
  • Spawn Location: 5:00

VOD

Have the link to the VOD?

Description

Time

  • Played on: Aug. 12, 2019, 12:36 a.m.
  • Length: 19:53
Show
View Real Time Build Order
Export as new Build Order

SandboX Zerg 

Build Orders: Hatch First 

Get SALT Encoding   

  12  0:01  Drone  
  13  0:12  Overlord  
  13  0:30  Drone  
  13  0:34  Drone  
  15  0:39  Drone  
  16  0:52  Drone  
  17  1:02  Hatchery  
  16  1:07  Drone  
  17  1:11  Drone  
  17  1:15  Extractor  
  17  1:24  Spawning Pool  
  16  1:28  Drone  
  17  1:33  Drone  
  18  1:46  Drone  
  19  1:59  Overlord  
  18  2:09  Drone  
  18  2:13  Zergling x2  
  20  2:16  Zergling x2, Queen  
  20  2:18  Queen  
  25  2:26  Metabolic Boost  
  25  2:30  Drone  
  26  2:47  Drone x2  
  26  2:48  Drone x2  
  30  3:04  Hatchery  
  29  3:08  Drone  
  29  3:09  Drone  
  29  3:11  Drone  
  32  3:14  Drone  
  28  3:40  Drone x9  
  34  3:51  Zergling x2  
  35  4:06  Overlord x2  
  35  4:18  Overlord x3  
  35  4:28  Drone x8  
  43  4:35  Roach Warren  
  42  4:39  Drone x2  
  42  4:44  Queen  
  46  4:59  Extractor  
  45  5:02  Extractor  
  45  5:03  Drone x5  
  45  5:04  Drone x3  
  52  5:13  Spore Crawler  
  51  5:14  Spore Crawler  
  51  5:16  Spore Crawler  
  51  5:18  Spore Crawler  
  51  5:20  Spore Crawler  
  49  5:21  Drone x2, Spore Crawler  
  48  5:34  Overlord x3  
  48  5:36  Roach  
  48  5:37  Roach  
  52  5:52  Extractor  
  52  5:54  Extractor  
  52  5:56  Extractor  
  49  5:57  Drone x2  
  49  5:58  Drone x9  
  60  6:07  Lair  
  60  6:14  Evolution Chamber x2  
  60  6:18  Roach x4  
  63  6:25  Roach x3  
  59  6:42  Roach  
  59  6:43  Roach x4  
  69  7:03  Roach x7  
  69  7:06  Overlord  
  83  7:12  Overlord  
  83  7:13  Overlord  
  83  7:41  Hatchery  
  82  7:57  Spine Crawler  
  81  7:59  Roach x8  
  81  8:00  Spine Crawler  
  96  8:16  Hydralisk Den  
  96  8:17  Zerg Ground Armor Level 1, Zerg Missile Weapons Level 1  
  96  8:18  Glial Reconstitution  
  95  8:26  Overlord  
  95  8:27  Overlord  
  95  8:37  Drone x4  
  99  8:49  Zergling x2  
  99  8:50  Zergling x6  
  103  8:56  Muscular Augments  
  103  9:00  Drone x3  
  106  9:12  Drone x5  
  106  9:16  Overlord  
  111  9:25  Queen  
  111  9:27  Drone  
  111  9:28  Drone  
  113  9:43  Roach x3  
  113  9:44  Roach x2  
  120  10:07  Drone x8  
  127  10:10  Roach x4  
  136  10:14  Overlord  
  136  10:20  Overlord x2  
  136  10:34  Hydralisk x4  
  144  10:39  Grooved Spines  
  144  10:55  Hatchery, Hydralisk  
  144  10:56  Hydralisk x2  
  149  11:21  Drone x12  
  149  11:23  Overlord  
  149  11:25  Overlord x4  
  161  11:28  Overlord  
  138  11:59  Roach x12  
  98  12:17  Overseer x2  
  98  12:22  Roach x11  
  112  12:42  Hydralisk x8  
  128  12:56  Queen  
  128  12:58  Hydralisk x4  
  138  13:08  Roach x4  
  146  13:17  Hydralisk x3  
  152  13:37  Overlord x7  
  152  13:52  Hatchery  
  151  13:56  Roach x3  
  157  14:17  Hydralisk x7  
  157  14:20  Overlord  
  171  14:41  Spine Crawler  
  171  14:42  Spine Crawler  
  161  14:58  Roach  
  161  14:59  Roach x11  
  115  15:10  Roach x3  
  115  15:11  Roach x2  
  101  15:18  Roach x4  
  107  15:28  Roach x5  
  97  15:50  Roach x11  
  105  16:07  Roach x2  
  105  16:08  Roach x2  
  113  16:39  Hatchery  
  105  16:48  Spore Crawler  
  98  17:02  Overseer  
  98  17:03  Overseer  
  95  17:11  Roach  
  96  17:20  Roach x17  
  130  17:35  Hydralisk x2  
  134  18:03  Hydralisk x4  
  142  18:34  Drone x3  
  142  18:35  Drone x4  
  142  18:39  Roach  
  139  19:23  Roach x2  
  139  19:24  Roach x16  
Show
View Real Time Build Order
Export as new Build Order

jano Protoss - Winner!

Build Orders:  

Get SALT Encoding   

  12  0:01  Probe  
  13  0:14  Pylon  
  13  0:18  Probe  
  14  0:33  Gateway  
  14  0:36  Probe  
  15  0:44  Probe  
  15  0:46  Assimilator  
  16  0:54  Probe  
  17  1:06  Probe  
  19  1:18  Probe  
  19  1:25  Pylon  
  19  1:26  Cybernetics Core  
  19  1:31  Gateway  
  19  1:38  Assimilator  
  19  1:42  Probe  
  20  1:55  Probe, Adept  
  21  2:03  Warp Gate  
  23  2:09  Adept  
  23  2:10  Probe  
  26  2:24  Stalker  
  27  2:46  Stalker  
  29  3:09  Stalker  
  29  3:10  Nexus  
  29  3:40  Stalker  
  31  3:46  Probe  
  30  3:53  Pylon  
  30  3:55  Pylon  
  30  3:58  Probe  
  31  4:11  Probe  
  31  4:14  Robotics Facility  
  32  4:19  Probe  
  32  4:20  Sentry  
  32  4:21  Cybernetics Core  
  35  4:27  Probe  
  35  4:31  Probe  
  35  4:37  Stalker, Probe  
  39  4:43  Probe  
  41  4:49  Probe  
  42  4:53  Twilight Council  
  42  5:09  Probe  
  43  5:28  Probe x2  
  45  5:40  Probe  
  46  5:47  Probe, Robotics Bay  
  47  5:50  Stalker x2  
  47  5:52  Probe  
  47  5:56  Gateway  
  52  5:58  Gateway  
  52  5:59  Probe  
  52  6:01  Assimilator  
  53  6:05  Assimilator  
  53  6:37  Stalker x2  
  57  6:52  Pylon  
  57  6:55  Pylon  
  57  6:57  Pylon  
  57  7:00  Stalker x2  
  61  7:04  Colossus  
  61  7:05  Probe  
  62  7:08  Extended Thermal Lance  
  68  7:22  Nexus  
  68  7:25  Assimilator  
  68  7:27  Assimilator, Forge  
  68  7:31  Forge  
  68  7:34  Stalker x2  
  68  7:36  Probe  
  73  7:46  Blink  
  73  7:47  Colossus  
  73  7:52  Stalker x2  
  83  8:12  Protoss Ground Armor Level 1, Protoss Ground Weapons Level 1  
  83  8:14  Probe x2  
  85  8:26  Probe  
  86  8:30  Pylon  
  86  8:32  Pylon  
  86  8:41  Robotics Facility  
  86  8:44  Immortal  
  90  8:59  Probe x2  
  92  9:04  Sentry  
  92  9:05  Sentry  
  92  9:07  Stalker x2  
  100  9:11  Probe x2  
  100  9:15  Pylon  
  102  9:23  Probe x2, Dark Shrine  
  104  9:24  Immortal  
  108  9:35  Probe x2  
  110  9:40  Immortal  
  112  9:58  Probe x2  
  114  10:10  Probe  
  114  10:12  Immortal  
  119  10:18  Probe  
  119  10:37  Dark Templar  
  119  10:38  Dark Templar x2  
  125  10:45  Pylon  
  125  10:47  Pylon  
  125  11:00  Observer  
  126  11:11  Probe  
  126  11:12  Probe  
  126  11:14  Protoss Shields Level 1, Gateway  
  126  11:15  Protoss Ground Weapons Level 2  
  126  11:16  Gateway  
  126  11:18  Immortal, Gateway  
  132  11:23  Probe  
  83  12:42  Stalker  
  83  12:43  Stalker x6  
  97  12:50  Charge  
  97  12:53  Immortal x2  
  105  13:17  Stalker x3  
  105  13:18  Stalker x4, Nexus  
  119  13:20  Pylon  
  119  13:22  Pylon  
  119  13:24  Pylon  
  119  13:25  Pylon  
  119  13:30  Probe x2  
  120  13:42  Colossus x2  
  132  13:49  Dark Templar x6  
  132  13:50  Dark Templar  
  132  13:53  Archon x2  
  132  13:54  Archon  
  146  14:05  Pylon  
  146  14:07  Pylon  
  146  14:10  Protoss Ground Weapons Level 3  
  146  14:11  Protoss Ground Armor Level 2  
  146  14:21  Dark Templar  
  146  14:22  Dark Templar x4  
  156  14:26  Archon  
  156  14:27  Archon  
  156  14:42  Assimilator x2  
  98  16:00  Dark Templar x2  
  98  16:01  Dark Templar x5  
  112  16:05  Archon x2  
  112  16:06  Archon  
  112  16:10  Immortal x2  
  120  16:38  Gateway  
  120  16:40  Gateway  
  120  16:42  Gateway  
  120  16:43  Protoss Air Armor Level 1  
  120  17:03  Immortal x2  
  128  17:17  Dark Templar x5  
  128  17:18  Dark Templar  
  128  17:19  Dark Templar  
  128  17:22  Archon x3  
  142  17:25  Probe  
  141  17:47  Dark Templar  
  143  17:52  Archon  
  143  18:06  Zealot x4  
  143  18:07  Zealot x5, Nexus  
  143  18:09  Assimilator  
  161  18:14  Assimilator  
  161  18:30  Dark Templar  
  161  18:31  Dark Templar x4  
  161  18:32  Dark Templar  
  173  18:35  Dark Templar  
  173  18:40  Zealot x3  
  181  18:42  Archon  
  181  18:43  Archon  
  181  18:44  Archon  
  181  19:04  Stargate  
  181  19:05  Zealot x4  
  181  19:06  Zealot x5  
  181  19:07  Stargate  
Tags
 
Add a new tag
Caveats
  • Supply blocks, unpowered buildings, or Contaminate may cause inaccurate times.
  • Supply counts are checked every 10 seconds.